[Event "Titled Tuesday Blitz July 11 Early 2023"]
[White "Preotu, Razvan"]
[Black "Mortazavi, Ali"]
[WhiteFideId "2613280"]
[BlackFideId "401323"]
[WhiteElo "2754"]
[BlackElo "2553"]
[Result "1-0"]
[Round "3"]
[TimeControl "180+2"]
[Date "2023.07.11"]
[WhiteClock "0:00:13"]
[BlackClock "0:00:15"]
[Board "37"]

1. e4 c6 2. Nc3 d5 3. Nf3 dxe4 4. Nxe4 Nf6 5. Qe2 Be6 6. Neg5 Bd5 7. c4 h6 8. cxd5 hxg5 9. dxc6 Nxc6 10. Qb5 Qd7 11. Qxg5 Rh5 12. Qe3 Ng4 13. Qb3 Nd4 14. Nxd4 Qxd4 15. Bb5+ Kd8 16. O-O Qe5 17. Qd3+ Kc7 18. Qd7+ Kb6 19. f4 Qxb5 20. Qxg4 e6 21. d4 Qd5 22. Be3 g6 23. Rac1 Bd6 24. Qd1 a6 25. Qc2 Rah8 26. h3 Ka7 27. Qc4 Qe4 28. Rc3 Rd5 29. Qd3 Qxd3 30. Rxd3 Rc8 31. Rc3 Rxc3 32. bxc3 b5 33. Kf2 Be7 34. Ke2 Kb6 35. Kd3 Rd8 36. g4 Kc6 37. f5 gxf5 38. gxf5 Kd5 39. fxe6 fxe6 40. Rf7 Bd6 41. Ra7 Rh8 42. Rxa6 Rxh3 43. Ke2 Ke4 44. Rxd6 Rxe3+ 45. Kd2 Rd3+ 46. Kc2 Rh3 47. Rxe6+ Kd5 48. Re5+ Kc6 49. Kb3 Rh1 50. Rc5+ Kb6 51. a4 bxa4+ 52. Kxa4 Rb1 53. Ka3 Ka6 54. Ka2 Rb8 55. Rc4 Ka5 56. d5 Rd8 57. Rd4 Kb5 58. d6 Kc6 59. d7 Rxd7 60. Rxd7 Kxd7 61. Kb3 Kd6 62. Kb4 Kc7 63. Kc5 Kb7 64. Kd6 Ka6 65. c4 Kb7 66. c5 Kc8 67. Kc6 Kb8 68. Kd7 Ka7 69. c6 Kb6 70. c7 Kb7 71. c8=Q+ 1-0


[Site "https://www.chess.com"]

[Event "Titled Tuesday Blitz July 11 Early 2023"]
[White "Concio, Michael Jr."]
[Black "Papayan, Oleg"]
[WhiteFideId "5217873"]
[BlackFideId "4193911"]
[WhiteElo "2748"]
[BlackElo "2551"]
[Result "1-0"]
[Round "3"]
[TimeControl "180+2"]
[Date "2023.07.11"]
[WhiteClock "0:00:44"]
[BlackClock "0:00:06"]
[Board "38"]

1. e4 c5 2. Nc3 d6 3. g3 Nc6 4. Bg2 g6 5. d3 Bg7 6. Be3 e6 7. Qd2 Nge7 8. Bh6 O-O 9. Bxg7 Kxg7 10. h4 h6 11. Nh3 d5 12. O-O d4 13. Ne2 e5 14. f4 f6 15. Rf2 Qa5 16. Qc1 Bg4 17. Kh2 Rac8 18. Bf3 Bxf3 19. Rxf3 b5 20. h5 c4 21. dxc4 bxc4 22. hxg6 Nxg6 23. f5 Nge7 24. g4 d3 25. cxd3 cxd3 26. Rxd3 Nb4 27. Rc3 Nxa2 28. Qe3 Rfd8 29. Ra3 Qd2 30. R1xa2 Rc2 31. Qxd2 Rdxd2 32. Ng1 Rxb2 33. Rxb2 Rxb2 34. Rxa7 Kf8 35. Kh3 Nc6 36. Ra8+ Kf7 37. Rc8 Nd4 38. Nxd4 exd4 39. Nf3 d3 40. Rd8 Rb3 41. Kg3 Ke7 42. Rd5 Rc3 43. Kf4 Ra3 44. Ne1 d2 45. Rxd2 Rh3 46. Nf3 h5 47. g5 fxg5+ 48. Nxg5 Rh4+ 49. Ke5 Rg4 50. f6+ Ke8 51. Ke6 Rxg5 52. f7+ Kf8 53. Rd8+ Kg7 54. Rg8+ Kh7 55. Rxg5 h4 56. f8=Q h3 57. Qg7# 1-0


[Site "https://www.chess.com"]

[Event "Titled Tuesday Blitz July 11 Early 2023"]
[White "Bauman_Guy"]
[Black "Rottenwohrer Suarez, Juan"]
[BlackFideId "32068182"]
[WhiteElo "2737"]
[BlackElo "2546"]
[Result "1-0"]
[Round "3"]
[TimeControl "180+2"]
[Date "2023.07.11"]
[WhiteClock "0:02:07"]
[BlackClock "0:00:00"]
[Board "39"]

1. e4 c5 2. Nf3 g6 3. d4 cxd4 4. Nxd4 Nc6 5. c4 Nf6 6. Nc3 d6 7. Be2 Nxd4 8. Qxd4 Bg7 9. Be3 O-O 10. Qd2 a5 11. O-O a4 12. Bd4 Be6 13. Rad1 Qa5 14. f4 Rfc8 15. b3 axb3 16. axb3 Qb4 17. f5 Bd7 18. Bxf6 exf6 19. Nd5 Qxd2 20. Rxd2 Rd8 21. Nb6 Rab8 22. Rxd6 Bc6 23. Rxd8+ Rxd8 24. Nd5 Bxd5 25. exd5 g5 26. Bh5 Bf8 27. Ra1 Re8 28. Kf1 Bc5 29. Ra5 Re1+ 30. Kxe1 Bb4+ 31. Ke2 Bxa5 32. c5 Bb4 33. c6 bxc6 34. dxc6 Kf8 35. Kd3 Bd6 36. g3 Ke7 37. Kc4 Bc7 38. Kc5 Kd8 39. b4 Ke7 40. b5 Bd6+ 41. Kb6 Kd8 42. Kb7 1-0


[Site "https://www.chess.com"]

[Event "Titled Tuesday Blitz July 11 Early 2023"]
[White "Xu, Yi"]
[Black "Shturman, Arseniy"]
[WhiteFideId "8605564"]
[BlackFideId "34275797"]
[WhiteElo "2730"]
[BlackElo "2543"]
[Result "1-0"]
[Round "3"]
[TimeControl "180+2"]
[Date "2023.07.11"]
[WhiteClock "0:00:22"]
[BlackClock "0:00:37"]
[Board "40"]

1. e4 c5 2. Nf3 d6 3. Bb5+ Nd7 4. d4 cxd4 5. Nxd4 Nf6 6. O-O a6 7. Bd3 g6 8. c4 Bg7 9. Nc3 O-O 10. Re1 Nc5 11. Bf1 a5 12. b3 b6 13. Rb1 Bb7 14. f3 e6 15. Be3 d5 16. cxd5 exd5 17. e5 Nfd7 18. f4 Rc8 19. Ndb5 Ne4 20. Nxe4 dxe4 21. Nd6 Rb8 22. Bc4 Qe7 23. Nxf7 Rxf7 24. e6 Rf6 25. Qxd7 Qxd7 26. exd7+ Kf8 27. Rbd1 Rd8 28. Bd4 Rxf4 29. Bxb6 Bf6 30. Rf1 Rxf1+ 31. Rxf1 Rxd7 32. Rxf6+ Kg7 33. Rf1 Rd2 34. Bxa5 Rxa2 35. Bc3+ Kh6 36. Bd4 e3 37. Bxe3+ Kh5 38. Bf2 Rd2 39. Re1 g5 40. h3 g4 41. hxg4+ Kxg4 42. Re7 Bd5 43. Bxd5 Rxd5 44. Rxh7 Rb5 45. Rh4+ Kg5 46. b4 Re5 47. Rc4 Re2 48. b5 Rb2 49. Rc5+ Kg4 50. Kf1 Rb1+ 51. Ke2 Rb2+ 52. Ke3 Rb3+ 53. Ke4 Rb2 54. Bd4 Rxg2 55. b6 Re2+ 56. Kd5 Kf5 57. b7 Re8 58. Rc8 1-0


[Site "https://www.chess.com"]

[Event "Titled Tuesday Blitz July 11 Early 2023"]
[White "Kuzmin, Roman"]
[Black "Kumsiashvili, Nikoloz"]
[WhiteFideId "44134932"]
[BlackFideId "13600621"]
[WhiteElo "2540"]
[BlackElo "2725"]
[Result "1-0"]
[Round "3"]
[TimeControl "180+2"]
[Date "2023.07.11"]
[WhiteClock "0:00:10"]
[BlackClock "0:00:10"]
[Board "41"]

1. e4 c5 2. Nf3 e6 3. d4 cxd4 4. Nxd4 Nc6 5. Nc3 Qc7 6. Be3 a6 7. Qd2 Nf6 8. O-O-O Bb4 9. f3 Ne5 10. Bf4 Nh5 11. Be3 Nf6 12. Kb1 Bxc3 13. Qxc3 Qxc3 14. bxc3 d5 15. Bf4 Ng6 16. Bd6 dxe4 17. Be2 Bd7 18. Nb3 Bc6 19. Kb2 exf3 20. gxf3 Rd8 21. c4 Ne7 22. Rhg1 Nf5 23. Be5 Rxd1 24. Rxd1 O-O 25. Na5 Rc8 26. Nxc6 bxc6 27. c5 a5 28. Ba6 Rf8 29. Bb7 Ne3 30. Rd4 Nd7 31. Bd6 e5 32. Re4 Nd1+ 33. Kc1 Nc3 34. Rc4 Nxa2+ 35. Kb2 Nb4 36. Bxf8 Kxf8 37. c3 Nd3+ 38. Kc2 N3xc5 39. Bxc6 Ke7 40. Bxd7 Nxd7 41. Ra4 f5 42. Rxa5 g5 43. Kd3 h5 44. Kc4 g4 45. fxg4 hxg4 46. Kd5 Nb6+ 47. Kc6 Nc4 48. Rc5 f4 49. Rxc4 f3 50. Ra4 e4 51. Rxe4+ Kf6 52. Re1 Kf5 53. Kd5 Kf4 54. Kd4 f2 55. Rf1 Kf3 56. Kd3 Kg2 57. Ke2 Kxh2 58. Rxf2+ Kg3 59. c4 1-0


[Site "https://www.chess.com"]

[Event "Titled Tuesday Blitz July 11 Early 2023"]
[White "Nazari, Arad"]
[Black "Tokman, Ariel"]
[WhiteFideId "12577324"]
[BlackFideId "117420"]
[WhiteElo "2721"]
[BlackElo "2537"]
[Result "1-0"]
[Round "3"]
[TimeControl "180+2"]
[Date "2023.07.11"]
[WhiteClock "0:00:13"]
[BlackClock "0:00:00"]
[Board "42"]

1. e4 e5 2. f4 exf4 3. Nf3 g5 4. h4 g4 5. Ne5 d5 6. d4 Nf6 7. Bxf4 Nxe4 8. Nc3 Bf5 9. Bd3 Nc6 10. Bb5 Nxc3 11. bxc3 Qf6 12. O-O O-O-O 13. Bg5 Qe6 14. Nxc6 bxc6 15. Ba6+ Kd7 16. Bxd8 Kxd8 17. Qd2 Bh6 18. Qe2 Be4 19. Bd3 f5 20. c4 Bg7 21. c3 Qe7 22. cxd5 cxd5 23. Bxe4 1-0


[Site "https://www.chess.com"]

[Event "Titled Tuesday Blitz July 11 Early 2023"]
[White "Wagner, Dennis"]
[Black "Sidletskyi, Ivan"]
[WhiteFideId "24650684"]
[BlackFideId "14156024"]
[WhiteElo "2710"]
[BlackElo "2535"]
[Result "1-0"]
[Round "3"]
[TimeControl "180+2"]
[Date "2023.07.11"]
[WhiteClock "0:02:21"]
[BlackClock "0:00:39"]
[Board "43"]

1. d4 Nf6 2. Nf3 d5 3. c4 e6 4. g3 Bb4+ 5. Bd2 Bd6 6. Bg2 c6 7. O-O Nbd7 8. b3 O-O 9. Nc3 Ne4 10. Nxe4 dxe4 11. Ng5 e5 12. Nxe4 Bc7 13. dxe5 Nxe5 14. Bb4 Re8 15. Nd6 Bxd6 16. Qxd6 Bd7 17. Rad1 Re6 18. Qd4 c5 19. Bxc5 1-0


[Site "https://www.chess.com"]

[Event "Titled Tuesday Blitz July 11 Early 2023"]
[White "Dimitrov, Atanas"]
[Black "Hajiyev, Kanan"]
[WhiteFideId "2901315"]
[BlackFideId "13404148"]
[WhiteElo "2709"]
[BlackElo "2530"]
[Result "1/2-1/2"]
[Round "3"]
[TimeControl "180+2"]
[Date "2023.07.11"]
[WhiteClock "0:01:12"]
[BlackClock "0:01:11"]
[Board "44"]

1. Nf3 Nf6 2. c4 e6 3. Nc3 d5 4. e3 Be7 5. b3 O-O 6. Bb2 c5 7. cxd5 Nxd5 8. Be2 Nc6 9. O-O b6 10. d4 cxd4 11. Nxd5 Qxd5 12. Nxd4 Nxd4 13. Bxd4 Bb7 14. Bf3 Qd7 15. Bxb7 Qxb7 16. Qg4 g6 17. Rac1 Rfc8 18. h3 Rxc1 19. Rxc1 Rc8 20. Qd1 Bf8 21. Rc2 Rxc2 22. Qxc2 Bg7 23. Bxg7 Kxg7 24. Qc3+ Kg8 25. b4 Qd5 26. a3 a5 27. Kh2 axb4 28. Qxb4 b5 29. a4 bxa4 30. Qxa4 1/2-1/2


[Site "https://www.chess.com"]

[Event "Titled Tuesday Blitz July 11 Early 2023"]
[White "Jaracz, Pawel"]
[Black "Urbina Perez, Juan Antonio"]
[WhiteFideId "1102222"]
[BlackFideId "2217368"]
[WhiteElo "2709"]
[BlackElo "2492"]
[Result "1-0"]
[Round "3"]
[TimeControl "180+2"]
[Date "2023.07.11"]
[WhiteClock "0:00:30"]
[BlackClock "0:00:00"]
[Board "45"]

1. d4 d5 2. c4 c6 3. e3 Nf6 4. Nc3 a6 5. Qc2 g6 6. Nf3 Bf5 7. Qb3 Ra7 8. Be2 Bg7 9. O-O O-O 10. Bd2 Ne4 11. Rfc1 Bg4 12. Be1 dxc4 13. Qxc4 Bxf3 14. Bxf3 Nd6 15. Qb3 Nd7 16. Rd1 Qb6 17. Na4 Qxb3 18. axb3 Raa8 19. Rac1 Nb5 20. Bb4 Rfe8 21. d5 cxd5 22. Bxd5 Rab8 23. Bxf7+ Kxf7 24. Rxd7 Bf6 25. Nc3 Nxc3 26. bxc3 Red8 27. Rcd1 Ke8 28. Rxd8+ Rxd8 29. Rxd8+ Kxd8 30. c4 Kd7 31. g4 e6 32. Kg2 Bd8 33. Kf3 Bc7 34. h3 Bh2 35. Ke4 Bc7 36. f4 Bb8 37. f5 exf5+ 38. gxf5 Ke8 39. fxg6 hxg6 40. Kd5 Kd7 41. e4 Bg3 42. e5 Bh2 43. e6+ Ke8 44. Bd6 Bg1 45. Bc7 Bf2 46. c5 Bg1 47. Bd6 Bf2 48. c6 bxc6+ 49. Kxc6 Be3 50. Kb7 a5 51. Ka6 Bd2 52. Kb5 Be1 53. Kc6 Bd2 54. Kd5 Be1 55. Bc5 Bc3 56. Kc4 Be1 57. Bd6 Bd2 58. Kb5 Be1 59. Kc6 Bd2 60. Kd5 Bc3 61. Bc5 Be1 62. Ke5 Bc3+ 63. Bd4 Bd2 64. Kf6 g5 65. Bc5 Bc1 66. Kf5 Bd2 67. Bd6 Bc1 68. Bc7 Bd2 69. Be5 Bc1 70. Bf6 Bd2 71. Bxg5 1-0


[Site "https://www.chess.com"]

[Event "Titled Tuesday Blitz July 11 Early 2023"]
[White "Petrosian, Karlen"]
[Black "Ergazakis, Ioannis"]
[WhiteFideId "4176146"]
[BlackFideId "4290976"]
[WhiteElo "2707"]
[BlackElo "2476"]
[Result "1-0"]
[Round "3"]
[TimeControl "180+2"]
[Date "2023.07.11"]
[WhiteClock "0:00:17"]
[BlackClock "0:00:00"]
[Board "46"]

1. e4 e6 2. Qe2 c5 3. g3 Nc6 4. Bg2 g6 5. Nf3 Bg7 6. O-O Nge7 7. e5 O-O 8. c3 d6 9. d4 cxd4 10. cxd4 dxe5 11. dxe5 Nd4 12. Nxd4 Qxd4 13. Re1 Nc6 14. Bf4 h6 15. h4 Nb4 16. Nc3 Qd3 17. Rad1 Qxe2 18. Rxe2 Rb8 19. a3 Nc6 20. b4 a5 21. b5 Ne7 22. Na4 Nd5 23. Bxd5 exd5 24. Rxd5 Be6 25. Rd4 Rfc8 26. Red2 Bf8 27. Nb6 Re8 28. Nd7 Bxd7 29. Rxd7 Re6 30. a4 b6 31. Rc7 Bg7 32. Rdd7 Rf8 33. Re7 Rxe7 34. Rxe7 Rc8 35. e6 fxe6 36. Rxe6 Kf7 37. Rxb6 Rc4 38. Rb7+ Kg8 39. b6 Rb4 40. Rb8+ Kh7 41. b7 g5 42. hxg5 hxg5 43. Bd6 Rb1+ 44. Kg2 Bd4 45. Bc7 Ba7 46. Rf8 Rxb7 47. Bxa5 Kh6 48. Rf6+ Kg7 49. Rf5 Kg6 50. g4 Bd4 51. Bd2 Rb2 52. Bxg5 1-0


[Site "https://www.chess.com"]

[Event "Titled Tuesday Blitz July 11 Early 2023"]
[White "Rodriguez Santiago, Jaime"]
[Black "Timerkhanov, Alexander"]
[WhiteFideId "3100898"]
[BlackFideId "24177938"]
[WhiteElo "2364"]
[BlackElo "2702"]
[Result "0-1"]
[Round "3"]
[TimeControl "180+2"]
[Date "2023.07.11"]
[WhiteClock "0:00:25"]
[BlackClock "0:01:26"]
[Board "47"]

1. c4 c6 2. d4 d5 3. cxd5 cxd5 4. Bf4 Nc6 5. e3 Nf6 6. Nc3 a6 7. Be2 Bf5 8. g4 Bd7 9. Bf3 e6 10. Nge2 Be7 11. g5 Ng8 12. h4 b5 13. Rc1 Rc8 14. a4 b4 15. Nb1 Na5 16. Nd2 Rxc1 17. Qxc1 Qc8 18. b3 h6 19. gxh6 Nxh6 20. h5 Nf5 21. Qxc8+ Bxc8 22. Nc1 Nc6 23. Nd3 a5 24. Be2 Ba6 25. Ne5 Bxe2 26. Kxe2 Nxe5 27. Bxe5 Kd7 28. Rc1 Bd8 29. Rc5 f6 30. Bf4 Rxh5 31. Rb5 g5 32. Bb8 Rh1 33. e4 Nxd4+ 0-1


[Site "https://www.chess.com"]

[Event "Titled Tuesday Blitz July 11 Early 2023"]
[White "Roque Sola, Gisela"]
[Black "Shuvalova, Polina"]
[WhiteFideId "5120241"]
[BlackFideId "24171760"]
[WhiteElo "2151"]
[BlackElo "2695"]
[Result "0-1"]
[Round "3"]
[TimeControl "180+2"]
[Date "2023.07.11"]
[WhiteClock "0:00:00"]
[BlackClock "0:00:13"]
[Board "48"]

1. e4 c6 2. d4 d5 3. e5 Bf5 4. c4 e6 5. Nc3 Ne7 6. h4 h6 7. g4 Bh7 8. cxd5 Nxd5 9. Bg2 Nb4 10. Ne4 Qxd4 11. Qxd4 Nc2+ 12. Kf1 Nxd4 13. Bf4 Nd7 14. Rd1 Nb5 15. a4 Bxe4 16. Bxe4 Nc7 17. Nf3 Nd5 18. Bg3 Be7 19. Kg2 h5 20. g5 g6 21. Nd2 a5 22. Nc4 O-O 23. f3 Nc5 24. Bxd5 cxd5 25. Nd6 Nxa4 26. Nxb7 Rfb8 27. Nd6 Rxb2+ 28. Kh3 Nb6 29. Rb1 Rxb1 30. Rxb1 Nc4 31. Rb7 Kf8 32. Nxc4 dxc4 33. Rc7 a4 34. Rxc4 a3 35. Rc1 a2 36. Ra1 Bc5 0-1


[Site "https://www.chess.com"]

[Event "Titled Tuesday Blitz July 11 Early 2023"]
[White "Lopez Idarraga, Daniel Eduardo"]
[Black "Keymer, Vincent"]
[WhiteFideId "4405501"]
[BlackFideId "12940690"]
[WhiteElo "2328"]
[BlackElo "2923"]
[Result "0-1"]
[Round "3"]
[TimeControl "180+2"]
[Date "2023.07.11"]
[WhiteClock "0:00:03"]
[BlackClock "0:00:04"]
[Board "49"]

1. e4 c6 2. d4 d5 3. Nc3 dxe4 4. Nxe4 Nf6 5. Nxf6+ exf6 6. c3 Bd6 7. Bd3 O-O 8. Qc2 Re8+ 9. Ne2 h5 10. Be3 Nd7 11. h3 Nb6 12. c4 Bb4+ 13. Kf1 h4 14. Ng1 f5 15. Nf3 Be6 16. b3 g6 17. Rd1 Be7 18. Bf4 Bf6 19. Be2 Rc8 20. Kg1 Nd7 21. Kh2 b5 22. Rhe1 bxc4 23. bxc4 Nf8 24. Qd2 Nh7 25. Be5 g5 26. Bf1 Bd7 27. Bxf6 Qxf6 28. Ne5 Re7 29. f4 g4 30. Bd3 Qd6 31. Qc3 Nf6 32. c5 Qc7 33. Bc4 Be6 34. Bd3 g3+ 35. Kh1 Rce8 36. Qc2 Qc8 37. Qe2 Bd5 38. Qc2 Be4 39. Bxe4 Nxe4 40. Rxe4 fxe4 41. Qxe4 Qe6 42. Qf3 f6 43. f5 Qd5 44. Qg4+ Rg7 45. Ng6 Qxa2 46. Qh5 Qe2 47. Qxe2 Rxe2 48. Nxh4 a5 49. Kg1 a4 50. Ng6 a3 51. Nf4 Rb2 52. Nd3 Rb3 53. Kf1 a2 54. Ne1 Rb1 0-1


[Site "https://www.chess.com"]

[Event "Titled Tuesday Blitz July 11 Early 2023"]
[White "Dau Khuong Duy"]
[Black "NovoselovRoman"]
[WhiteFideId "12424722"]
[WhiteElo "2909"]
[BlackElo "2567"]
[Result "1-0"]
[Round "3"]
[TimeControl "180+2"]
[Date "2023.07.11"]
[WhiteClock "0:00:24"]
[BlackClock "0:00:02"]
[Board "50"]

1. e4 d5 2. exd5 Qxd5 3. Nc3 Qd6 4. d4 Nf6 5. Be3 c6 6. Qd2 Bf5 7. f3 e6 8. Nge2 Be7 9. O-O-O Nbd7 10. g4 Bg6 11. a3 Nb6 12. Nf4 Nbd5 13. h4 Nxc3 14. Qxc3 h5 15. Nxg6 fxg6 16. Bd3 Kf7 17. Qd2 Nd5 18. gxh5 Rxh5 19. Rhg1 Rxh4 20. Bxg6+ Kg8 21. Kb1 Nxe3 22. Qxe3 Rf8 23. Be4 Bf6 24. c3 Qf4 25. Qe2 Rh2 26. Rg2 Rxg2 27. Qxg2 Rd8 28. Bc2 Qg5 29. Qh3 e5 30. Qe6+ Kf8 31. Rh1 g6 32. Ka1 exd4 33. Bb3 Rd5 34. Bxd5 cxd5 35. Qc8+ Kf7 36. Qxb7+ Kf8 37. Qa8+ Kf7 38. Qxa7+ Kf8 39. cxd4 Qf4 40. Qc5+ Kg7 41. Qxd5 Bxd4 42. Ka2 Bf6 43. Qb3 Qe5 44. Rd1 g5 45. Rd5 Qf4 46. Rb5 Kg6 47. Qd3+ Kg7 48. Rb7+ Kf8 49. Qd5 Be7 50. Rb5 Qf6 51. Qf5 Kg7 52. Qxf6+ Kxf6 53. Kb3 Bd6 54. Kc4 Be5 55. Kd3 Kf5 56. Ke3 Ke6 57. Ke4 Bf6 58. Rb6+ Kf7 59. Kf5 Bxb2 60. Rxb2 1-0


[Site "https://www.chess.com"]

[Event "Titled Tuesday Blitz July 11 Early 2023"]
[White "Vovk, Orest"]
[Black "Zakhartsov, Vladimir"]
[WhiteFideId "14113490"]
[BlackFideId "4145097"]
[WhiteElo "2563"]
[BlackElo "2908"]
[Result "0-1"]
[Round "3"]
[TimeControl "180+2"]
[Date "2023.07.11"]
[WhiteClock "0:00:00"]
[BlackClock "0:01:04"]
[Board "51"]

1. g4 d5 2. Bg2 c6 3. h3 e5 4. d4 e4 5. c4 Bd6 6. Nc3 Ne7 7. Qb3 O-O 8. Bg5 f6 9. Bd2 Be6 10. cxd5 cxd5 11. Bxe4 Nbc6 12. Bb1 Nxd4 13. Qa4 Ndc6 14. Qc2 f5 15. Nf3 h6 16. Rg1 Rc8 17. g5 h5 18. g6 d4 19. Nb5 Qb6 20. Nxd6 Ne5 21. Nxc8 Nxf3+ 22. exf3 Rxc8 23. Qd1 Bc4 24. Bg5 Qxb2 25. Bc2 Re8 26. Qb1 Nd5+ 27. Be3 Qc3+ 28. Kd1 dxe3 29. fxe3 Nxe3+ 30. Kc1 Nxc2 31. Qxc2 Qxa1+ 32. Kd2 Qd4+ 33. Kc1 Qxg1+ 0-1


[Site "https://www.chess.com"]

[Event "Titled Tuesday Blitz July 11 Early 2023"]
[White "AyMitecK"]
[Black "Timofeev, Artyom"]
[BlackFideId "4140419"]
[WhiteElo "2560"]
[BlackElo "2842"]
[Result "0-1"]
[Round "3"]
[TimeControl "180+2"]
[Date "2023.07.11"]
[WhiteClock "0:00:53"]
[BlackClock "0:01:22"]
[Board "52"]

1. e4 d6 2. d4 Nf6 3. Nc3 g6 4. Be3 c6 5. Qd2 b5 6. Bd3 Bb7 7. f3 Nbd7 8. h4 e5 9. Nce2 a6 10. c3 d5 11. dxe5 Nxe5 12. Bd4 Bd6 13. exd5 Nxd5 14. O-O-O O-O 15. h5 Nxd3+ 16. Qxd3 Qg5+ 17. Kb1 c5 18. Bf2 Qf5 19. Qxf5 gxf5 20. Nh3 Rfe8 21. Nc1 c4 22. Ka1 b4 23. cxb4 Bxb4 24. Bd4 Rad8 25. a3 Bf8 26. g4 Ne3 27. Bxe3 Rxd1 28. Rxd1 Rxe3 29. gxf5 Rxf3 30. Rg1+ Kh8 31. Ng5 Rxf5 32. Ne2 h6 33. Nh3 Rxh5 34. Nhf4 Rf5 35. Rg4 Bd6 36. Kb1 Bf3 37. Rh4 Kh7 38. Kc2 Be5 39. a4 a5 40. b3 Be4+ 41. Kd2 cxb3 42. Nh3 b2 43. Rxe4 b1=Q 0-1


[Site "https://www.chess.com"]

[Event "Titled Tuesday Blitz July 11 Early 2023"]
[White "Molina, Roberto Junio Brito"]
[Black "Shubenkova, Veronika"]
[WhiteFideId "2109450"]
[BlackFideId "44124040"]
[WhiteElo "2838"]
[BlackElo "2553"]
[Result "1-0"]
[Round "3"]
[TimeControl "180+2"]
[Date "2023.07.11"]
[WhiteClock "0:01:52"]
[BlackClock "0:02:29"]
[Board "53"]

1. d4 d5 2. c4 e6 3. Nc3 Nf6 4. cxd5 exd5 5. Bg5 Be7 6. e3 O-O 7. Bd3 c6 8. Nge2 Bg4 9. Qc2 Nbd7 10. O-O Bxe2 11. Qxe2 h6 12. Bh4 Re8 13. Qc2 Ne4 14. Bxe7 Qxe7 15. Rae1 f5 16. f3 Nxc3 17. bxc3 g6 18. e4 fxe4 19. fxe4 Qh4 20. e5 g5 21. g3 Qh3 22. Bf5 1-0


[Site "https://www.chess.com"]

[Event "Titled Tuesday Blitz July 11 Early 2023"]
[White "Pakleza, Zbigniew"]
[Black "musclemonster12"]
[WhiteFideId "1119290"]
[WhiteElo "2825"]
[BlackElo "2552"]
[Result "1-0"]
[Round "3"]
[TimeControl "180+2"]
[Date "2023.07.11"]
[WhiteClock "0:01:28"]
[BlackClock "0:00:12"]
[Board "54"]

1. d4 Nf6 2. Nf3 e6 3. Bf4 d5 4. e3 c5 5. c3 Bd6 6. Bg3 Nc6 7. Nbd2 O-O 8. Bd3 Be7 9. Ne5 Qb6 10. Rb1 Nxe5 11. Bxe5 Nd7 12. Bg3 Qa5 13. a3 c4 14. Bc2 f5 15. f3 b5 16. O-O Bb7 17. e4 f4 18. Bf2 e5 19. exd5 Bxd5 20. dxe5 Nxe5 21. Nb3 Qd8 22. Nd4 a6 23. Re1 Bf6 24. Nf5 Bc6 25. Rxe5 Bxe5 26. Qxd8 Raxd8 27. Ne7+ Kh8 28. Nxc6 Rd2 29. Be4 Bf6 30. Nd4 Rd8 31. Kf1 1-0


[Site "https://www.chess.com"]

[Event "Titled Tuesday Blitz July 11 Early 2023"]
[White "Chen, Max"]
[Black "Kosteniuk, Alexandra"]
[WhiteFideId "2622440"]
[BlackFideId "4128125"]
[WhiteElo "2535"]
[BlackElo "2794"]
[Result "0-1"]
[Round "3"]
[TimeControl "180+2"]
[Date "2023.07.11"]
[WhiteClock "0:00:05"]
[BlackClock "0:00:43"]
[Board "55"]

1. e4 c6 2. c4 e5 3. d4 Nf6 4. Nc3 Bb4 5. dxe5 Nxe4 6. Qd4 Qa5 7. Bd2 Nxd2 8. Kxd2 O-O 9. a3 d6 10. Re1 Bc5 11. Qh4 dxe5 12. Rxe5 Nd7 13. Rh5 Nf6 14. Rg5 Bxf2 15. Rxa5 Bxh4 16. g3 b6 17. Re5 Ng4 18. Re2 Bg5+ 19. Ke1 Ba6 20. Nf3 Bf6 21. h3 Bxc3+ 22. bxc3 Nf6 23. Re7 Rae8 24. Rxe8 Rxe8+ 25. Kd2 Ne4+ 26. Kc2 Nxg3 27. Rg1 Nxf1 28. Rxf1 Bxc4 29. Rg1 f6 30. Nd4 c5 31. Nf5 g6 32. Nd6 Re2+ 33. Kd1 Ba6 34. c4 Re6 35. Nb5 Bxb5 36. cxb5 f5 37. Kc2 Kf7 38. Kc3 f4 39. Kc4 f3 40. Rf1 Rf6 41. Rf2 g5 42. a4 h5 43. a5 g4 44. hxg4 hxg4 45. axb6 axb6 46. Kd5 g3 47. Rd2 f2 48. Ke5 f1=Q 49. Rd7+ Kg6 50. Rd3 Qf5# 0-1


[Site "https://www.chess.com"]

[Event "Titled Tuesday Blitz July 11 Early 2023"]
[White "Tristan, Leonardo"]
[Black "Fiorito, Francisco"]
[WhiteFideId "113816"]
[BlackFideId "180165"]
[WhiteElo "2770"]
[BlackElo "2528"]
[Result "1-0"]
[Round "3"]
[TimeControl "180+2"]
[Date "2023.07.11"]
[WhiteClock "0:00:08"]
[BlackClock "0:00:10"]
[Board "56"]

1. d4 Nf6 2. Nf3 b6 3. Bf4 Bb7 4. e3 g6 5. Be2 Bg7 6. O-O d6 7. h3 O-O 8. Bh2 Nbd7 9. a4 a6 10. Nbd2 Qe8 11. a5 b5 12. c4 bxc4 13. Nxc4 Ne4 14. Qc2 Ndf6 15. Rfc1 Qd7 16. Ne1 Ng5 17. Bf4 Ne6 18. Bg3 Rab8 19. Nd3 Rfc8 20. Qa4 Bc6 21. Qa3 Bb5 22. b3 Qe8 23. Bf3 Ng5 24. Be2 Nge4 25. Bh2 h5 26. Rc2 Rd8 27. Rac1 h4 28. Ncb2 c6 29. Nb4 Bxe2 30. Rxe2 c5 31. dxc5 Nxc5 32. Na4 Qb5 33. Rc4 Nfe4 34. Rec2 Rb7 35. f3 Nxa4 36. Qxa4 Qxa4 37. bxa4 Nc5 38. Nc6 Rc8 39. Rb4 Rbc7 40. Nd4 Bf8 41. Rb6 Nd3 42. Rxc7 Rxc7 43. Kf1 Rc1+ 44. Ke2 Nc5 45. Rb8 Kg7 46. Bf4 Ra1 47. Nc6 Ra2+ 48. Kf1 e5 49. Bg5 Ra1+ 50. Kf2 Ra2+ 51. Kg1 Nd3 52. Bxh4 Rxa4 53. Bf6+ Kxf6 54. Rxf8 Nc5 55. Rd8 Ke6 56. Ra8 Ra1+ 57. Kh2 Ra2 58. Ra7 f5 59. Nd8+ Kf6 60. Nc6 e4 61. fxe4 fxe4 62. Rd7 Ke6 63. Re7+ Kf5 64. Rf7+ Ke6 65. Rf8 Kd5 66. Ne7+ Kc4 67. Nxg6 Nd3 68. Nf4 d5 69. Rc8+ Nc5 70. Ne6 Rxa5 71. h4 Kb4 72. Nxc5 Rxc5 73. Rxc5 Kxc5 74. h5 d4 75. exd4+ Kxd4 76. h6 e3 77. h7 e2 78. h8=Q+ Kd3 79. Qd8+ Ke3 80. Qe7+ Kd2 81. Qd6+ Kc1 82. Qc5+ Kd1 83. Qd4+ Kc2 84. Qe3 Kd1 85. Qd3+ 1-0


[Site "https://www.chess.com"]

[Event "Titled Tuesday Blitz July 11 Early 2023"]
[White "feuervogel1000000"]
[Black "Nasuta, Grzegorz"]
[BlackFideId "1141686"]
[WhiteElo "2523"]
[BlackElo "2753"]
[Result "0-1"]
[Round "3"]
[TimeControl "180+2"]
[Date "2023.07.11"]
[WhiteClock "0:00:10"]
[BlackClock "0:00:07"]
[Board "57"]

1. e4 c5 2. Nf3 d6 3. d4 cxd4 4. Nxd4 Nf6 5. Nc3 a6 6. Bg5 Nbd7 7. f4 Qc7 8. Qf3 b5 9. O-O-O Bb7 10. Bxf6 Nxf6 11. Nd5 Nxd5 12. exd5 g6 13. f5 Bg7 14. Nc6 Rc8 15. Bd3 Bxc6 16. dxc6 Qxc6 17. Be4 Qc5 18. h4 O-O 19. Qb3 gxf5 20. Rd5 Qc4 21. Bd3 Qxb3 22. axb3 Be5 23. Be2 e6 24. Rd3 Kh8 25. g4 fxg4 26. Bxg4 f5 27. Bf3 Rg8 28. c3 Rg3 29. Kd1 Kg7 30. Ke2 Kf6 31. Bb7 Rcg8 32. Rxg3 Rxg3 33. Ra1 Rh3 34. Bg2 Rxh4 35. Rxa6 b4 36. Rc6 Rg4 37. Bf3 Rh4 38. Kf2 h5 39. Rc8 Rh2+ 40. Bg2 Rh4 41. Rc7 d5 42. Rc6 Rf4+ 43. Bf3 Ke7 44. Ke3 Rh4 45. Kd3 bxc3 46. bxc3 Rh3 47. Ke2 Bd6 48. b4 Rh2+ 49. Kd3 h4 50. b5 Rb2 51. b6 h3 52. c4 dxc4+ 53. Kxc4 h2 54. Kc3 Rb1 55. Kc2 Rb5 56. Bh1 e5 57. Kc1 e4 58. Kd2 Kd7 59. Rc1 Rxb6 60. Rf1 Ke6 61. Ke3 Ke5 62. Bg2 Rb3+ 63. Ke2 Rb2+ 64. Ke3 Bc5# 0-1


[Site "https://www.chess.com"]

[Event "Titled Tuesday Blitz July 11 Early 2023"]
[White "Goryachkina, Aleksandra"]
[Black "Ocelak, Jakub"]
[WhiteFideId "4147103"]
[BlackFideId "23707933"]
[WhiteElo "2706"]
[BlackElo "2472"]
[Result "1-0"]
[Round "3"]
[TimeControl "180+2"]
[Date "2023.07.11"]
[WhiteClock "0:01:03"]
[BlackClock "0:00:28"]
[Board "58"]

1. e4 e5 2. Nc3 Nf6 3. d4 exd4 4. Qxd4 Nc6 5. Qd3 Bb4 6. Bd2 O-O 7. O-O-O d6 8. f3 Be6 9. g4 a6 10. g5 Nd7 11. f4 f5 12. gxf6 Nxf6 13. Nf3 Kh8 14. Rg1 Re8 15. f5 Bg8 16. Bg5 Bxc3 17. Qxc3 Rxe4 18. Bd3 Re8 19. Rg3 h6 20. Bh4 Bh7 21. Rdg1 Rg8 22. Rxg7 Ne5 23. Rxg8+ Bxg8 24. Nxe5 Bh7 25. Nf7# 1-0


[Site "https://www.chess.com"]